 Dungeon Crawl Stone Soup version 0.27.1 (webtiles) character file.

Game seed: 10202718891996425639

33 promet the Vexing (level 3, -1/28 HPs)
             Began as a Gnoll Arcane Marksman on Aug 25, 2021.
             Slain by an orc (6 damage)
             ... on level 3 of the Dungeon.
             The game lasted 00:10:52 (2047 turns).

promet the Vexing (Gnoll Arcane Marksman)           Turns: 2047, Time: 00:10:53

Health: -1/28      AC:  4    Str:  9    XL:     3   Next: 29%
Magic:  5/7        EV: 12    Int: 13    God:
Gold:   34         SH:  0    Dex: 12    Spells: 3/7 levels left

rFire    x . .     SeeInvis .   a - +0 long sword
rCold    + . .     Faith    .   (no shield)
rNeg     . . .     Spirit   .   g - +1 leather armour
rPois    .         Reflect  .   (no helmet)
rElec    .         Harm     .   (no cloak)
rCorr    .         Rampage  .   (no gloves)
Will     .....                  (no boots)
Stlth    +.........             (no amulet)
HPRegen  0.09/turn              i - ring of ice
MPRegen  0.10/turn              (no ring)

@: no status effects
A: fangs 1, strong nose, distributed training
a: no special abilities


You were on level 3 of the Dungeon.
You visited 1 branch of the dungeon, and saw 3 of its levels.

You collected 100 gold pieces.
You spent 66 gold pieces at shops.

Inventory:

Hand Weapons
 a - a +0 long sword (weapon)
 b - a +0 hand crossbow
 e - a +1 dagger of venom
Missiles
 c - 14 bolts
 f - 42 stones (quivered)
Armour
 g - a +1 leather armour (worn)
Magical Staves
 d - a staff of conjuration
Jewellery
 i - a ring of ice (left hand)
Scrolls
 h - 2 scrolls of identify
Potions
 j - a potion of curing
 k - a potion of might


   Skills:
 + Level 2.6 Fighting
 + Level 0.7 Short Blades
 + Level 0.7 Long Blades
 + Level 0.7 Axes
 + Level 0.7 Maces & Flails
 + Level 0.7 Polearms
 + Level 0.7 Staves
 + Level 0.7 Slings
 + Level 0.7 Bows
 + Level 4.5 Crossbows
 + Level 0.7 Throwing
 + Level 0.7 Armour
 + Level 4.5 Dodging
 + Level 0.7 Stealth
 + Level 0.7 Shields
 + Level 0.7 Unarmed Combat
 + Level 2.8 Spellcasting
 + Level 0.5 Conjurations
 + Level 5.4 Hexes
 + Level 0.5 Summonings
 + Level 0.5 Necromancy
 + Level 0.5 Translocations
 + Level 0.5 Transmutations
 + Level 0.5 Fire Magic
 + Level 0.5 Ice Magic
 + Level 0.5 Air Magic
 + Level 0.5 Earth Magic
 + Level 0.5 Poison Magic
 + Level 0.9 Invocations
 + Level 0.7 Evocations


You had 3 spell levels left.
You knew the following spells:

 Your Spells              Type           Power      Damage    Failure   Level
a - Corona                Hex            16%        N/A       3%          1
b - Slow                  Hex            15%        N/A       5%          2
c - Sting                 Tmut/Pois      12%        1d3       26%         1

Your spell library contained the following spells:

 Spells                   Type           Power      Damage    Failure   Level
 Freeze                   Ice            16%        1d4       26%         1
 Inner Flame              Hex/Fire       9%         N/A       28%         3
 Portal Projectile        Hex/Tloc       18%        N/A       28%         3
 Poisonous Vapours        Pois/Air       6%         N/A       36%         2
 Frozen Ramparts          Ice            8%         1d2       61%         3
 Cause Fear               Hex            7%         N/A       34%         4
 Hailstorm                Conj/Ice       4%         3d4       95%         4
 Olgreb's Toxic Radiance  Pois           3%         N/A       95%         4


Dungeon Overview and Level Annotations

Branches:
Dungeon (3/15)

Altars:

Shops:
D:3 *


Innate Abilities, Weirdness & Mutations

You have very sharp teeth.
Your uncanny sense of smell can sniff out nearby items.
Your experience applies equally to all skills.


Message History

Aim: a goblin, wielding a +0 club (softly glowing, 74% to hit)
You shoot a bolt.
The bolt hits the goblin but does no damage.
a - a +0 long sword (weapon)
The goblin barely misses you.
You slash the goblin!
You kill the goblin!
Casting: Corona (safe; 3% risk of failure)
Confirm with . or Enter, or press ? or * to list all spells.
Aiming: Corona (safe; 3% risk of failure)
Press: ? - help, Shift-Dir - straight line, f - orc
Aim: an orc, wielding a +0 flail and wearing a +2 leather armour of willpower (chance to affect: 34%)
The orc resists with some effort.
The orc hits you with a +0 flail!
Casting: Corona (safe; 3% risk of failure)
Confirm with . or Enter, or press ? or * to list all spells.
Aiming: Corona (safe; 3% risk of failure)
Press: ? - help, Shift-Dir - straight line, f/p - orc
Aim: an orc, wielding a +0 flail and wearing a +2 leather armour of willpower (chance to affect: 34%)
The orc is outlined in light.
The orc misses you.
You riposte.
You hit the orc but do no damage. You hit the orc.
The orc is lightly wounded.
The orc closely misses you.
You hit the orc.
The orc is severely wounded.
The orc closely misses you. The orc barely misses you.
You barely miss the orc.
The orc is severely wounded.
The orc barely misses you.
You hit the orc.
The orc is almost dead.
The orc hits you with a +0 flail.
You barely miss the orc.
The orc is almost dead.
The orc hits you with a +0 flail. The orc hits you with a +0 flail!
* * * LOW HITPOINT WARNING * * *
You hit the orc but do no damage.
The orc is almost dead.
The orc hits you with a +0 flail.
You die...

#........# ##.....## #.##...#
#.##..##.###.......## #<.#.#.#
#.##...#.##.........####....#.#
.........'.........+.......#.#
.##...#.##.........####......#
# ##.##.###.......## ###.#.####
......# ##.....## #........#
###.#### ##...## #∩###.##.#
##@## #.# #.##.# #o# #.# #.##.#
#(# #.# #.##.# #.# #.# #.##.#
... #.# #.##.# ... #.. .....#
... ### #.#### #..(#


You could see an orc (corona).

Vanquished Creatures
  A dart slug (D:2)
  8 endoplasms
  A giant cockroach (D:1)
  2 hobgoblins (D:1)
  A quokka (D:1)
  4 ball pythons
  A bat (D:2)
  2 frilled lizards (D:1)
  2 goblins
  4 kobolds
  2 rats
28 creatures vanquished.

Notes
Turn   | Place    | Note
-------+----------+-------------------------------------------
     0 | D:1      | promet the Gnoll Arcane Marksman began the quest for the
                  | Orb.
     0 | D:1      | Reached XP level 1. HP: 17/17 MP: 4/4
   128 | D:1      | Reached XP level 2. HP: 23/23 MP: 5/5
   131 | D:1      | Learned a level 2 spell: Slow
   669 | D:1      | Learned a level 1 spell: Sting
   800 | D:1      | Found a faded altar of an unknown god.
  1221 | D:2      | Reached XP level 3. HP: 27/28 MP: 5/7
  1909 | D:3      | Found Mepu's Assorted Antiques.
  1917 | D:3      | Bought a potion of curing for 66 gold pieces
  2047 | D:3      | Slain by an orc

Illustrated notes

Levels and vault maps discovered:
D:1:      saegor_arrival_simple_c, layout_loops_ring,
          shapermc_ecumenical_altar_mp_vishouse
D:2:      layout_basic, minmay_tripent
D:3:      layout_loops_corners, serial_shops, shop, nrook_loot_triangle,
          grunt_decor_junction

Action                   || total
-------------------------++-------
Melee: Long sword        ||    29
       Bite              ||     7
       Staff             ||    22
 Fire: Hand crossbow     ||    18
 Cast: Corona            ||    17
       Sting             ||     3
       Slow              ||     3
  Use: Potion            ||     5
       Scroll            ||     6
Armor: Leather armour    ||    12
Dodge: Dodged            ||    39
       Rpst.: Long sword ||     9
